 Dungeon Crawl Stone Soup version 0.16.1-4-g8e1b745 (console) character file.

69 gw the Ducker (level 4, -4/25 HPs)
             Began as a Deep Elf Artificer on Mar 28, 2015.
             Killed themself with a badly aimed fireball (11 damage)
             ... on level 4 of the Dungeon.
             The game lasted 00:00:44 (825 turns).

gw the Ducker (Deep Elf Artificer)                   Turns: 825, Time: 00:00:44

Health: -4/25      AC:  3    Str:  8    XL:     4   Next: 2%
Magic:  10/10      EV: 13    Int: 14    God:
Gold:   21         SH:  0    Dex: 16    Spells: 0 memorised, 3 levels left

rFire  . . .     SeeInvis .     a - +0 short sword
rCold  . . .     Clarity  .     e - +0 leather armour
rNeg   . . .     SustAb   .     (no shield)
rPois  .         Gourm    .     (no helmet)
rElec  .         Spirit   .     (no cloak)
rCorr  .         Warding  .     (no gloves)
rMut   .         Stasis   .     (no boots)
MR     .....                    (no amulet)
Stlth  ++........               (no ring)
                                h - -3 ring of intelligence (curse)

@: not resistant to hostile enchantments, unstealthy
A: no striking features
a: no special abilities


You were on level 4 of the Dungeon.
You were not hungry.

You visited 1 branch of the dungeon, and saw 4 of its levels.

You collected 21 gold pieces.

Inventory:

Hand weapons
 a - a +0 short sword (weapon)
Missiles
 j - 18 arrows
Armour
 e - a +0 leather armour (worn)
Jewellery
 h - a cursed -3 ring of intelligence (left hand)
Magical devices
 b - a wand of flame (10)
 c - a wand of enslavement (15)
 d - a wand of random effects (11)
Scrolls
 g - 2 scrolls of identify {unknown}
 i - a scroll of magic mapping {unknown}
Comestibles
 f - a bread ration


   Skills:
 + Level 1.5 Fighting
 * Level 2.8 Short Blades
 + Level 3.3 Dodging
 - Level 1.2 Stealth
 - Level 3.2 Evocations


You had 3 spell levels left.
You didn't know any spells.

Dungeon Overview and Level Annotations

Branches:
Dungeon (4/15)
 Temple: D:4-7

Altars:

Annotations:
D:2 Jessica


Message History

Evoke which item? (* to show all) (? for menu, Esc to quit)
Zapping:
d - a wand of random effects (12)
Press: ? - help, Shift-Dir - straight line, f/p - gw's ghost
Aim: gw's ghost (lightly damaged, fast) Gw's ghost is blasted.
This wand has 11 charges left.
Gw's ghost hits you. Gw's ghost barely misses you.
Unknown command.
Unknown command.
Unknown command.
Unknown command.
Evoke which item? (* to show all) (? for menu, Esc to quit)
Zapping:
d - a wand of random effects (11)
Press: ? - help, Shift-Dir - straight line, f/p - gw's ghost
Aim: gw's ghost (severely damaged, fast)
The fireball explodes!
The fireball engulfs gw's ghost.
You destroy gw's ghost!
Your Dodging skill increases to level 3!
You have reached level 4!
You feel clever. The fireball engulfs you!
You die...

. #. . .# . ..#.
..# ..## #..
###### #.###
#..<.# ##e>!#
#....###..#.......
#....##..## .....
#.......## ....
#.................
#.<...########. .
.......# ..#....#
##....#


There were no monsters in sight!

Table legend:
 A = Turns spent in this place as a percentage of turns spent in the entire game.
 B = Non-inter-level travel turns spent in this place as a percentage of non-inter-level travel turns spent in the entire game.
 C = Inter-level travel turns spent in this place as a percentage of turns spent in this place.
 D = Turns resting spent in this place as a percentage of non-inter-level travel turns spent in this place.
 E = Turns spent auto-exploring this place as a percentage of non-inter-level travel turns spent in this place.
 F = Non-inter-level travel turns spent in this place divided by the number of levels of this place that you've seen.
                   A       B       C       D       E      F
               +-------+-------+-------+-------+-------+----------------------
         Total | 100.0 | 100.0 |   2.1 |   2.0 |   1.8 | 228.2
       Dungeon | 100.0 | 100.0 |   2.1 |   2.0 |   1.8 | 228.2
               +-------+-------+-------+-------+-------+----------------------

Table legend:
 A = Kills in this place as a percentage of kills in entire the game.
 B = Kills by you in this place as a percentage of kills by you in the entire game.
 C = Kills by friends in this place as a percentage of kills by friends in the entire game.
 D = Other kills in this place as a percentage of other kills in the entire game.
 E = Experience gained in this place as a percentage of experience gained in the entire game.
 F = Experience gained in this place divided by the number of levels of this place that you have seen.
                   A       B       C       D       E      F
               +-------+-------+-------+-------+-------+----------------------
         Total | 100.0 | 100.0 |  -nan |  -nan | 100.0 |  24.8
       Dungeon | 100.0 | 100.0 |  -nan |  -nan | 100.0 |  24.8
               +-------+-------+-------+-------+-------+----------------------

Vanquished Creatures
  The ghost of gw the Charlatan, a weakling DEAr (D:4)
  A worker ant (D:4)
  4 goblins
  3 hobgoblins
  A kobold (D:1)
  A giant gecko (D:1)
  A rat (D:2)
12 creatures vanquished.

Notes
Turn   | Place    | Note
--------------------------------------------------------------
     0 | D:1      | gw, the Deep Elf Artificer, began the quest for the Orb.
     0 | D:1      | Reached XP level 1. HP: 11/11 MP: 2/2
   418 | D:1      | Reached skill level 1 in Fighting
   633 | D:2      | Noticed Jessica
   633 | D:2      | Reached XP level 2. HP: 16/16 MP: 5/5
   662 | D:4      | Reached XP level 3. HP: 11/20 MP: 7/7
   809 | D:4      | Noticed gw's ghost (weakling DEAr)
   825 | D:4      | Killed gw's ghost
   825 | D:4      | Reached XP level 4. HP: 7/25 MP: 10/10
   825 | D:4      | Killed themself with a badly aimed fireball

Action                   |  1- 3 |  4- 6 || total
-------------------------+-------+-------++-------
Melee: Short sword       |    39 |       ||    39
Evoke: Wand              |     9 |       ||     9

Vault maps used:
D:1:      dpeg_arrival_round_c, supply_closet_lemuel
D:2:      minmay_hedge_maze, uniq_crazy_yiuf_cottage, uniq_jessica
D:3:      gammafunk_temple_overflow_forgotten, fedhas_altar_3
D:4:      minmay_temple_entry_mist
